 Dungeon Crawl Stone Soup version 0.21.1-1-g345015f (webtiles) character file.

323 Harpaggios the Skirmisher (level 6, 0/48 HPs)
             Began as a Demonspawn Gladiator on Mar 7, 2018.
             Slain by an orc
             ... wielding a +2 flail of draining
              (3 damage)
             ... on level 4 of the Dungeon.
             The game lasted 00:20:17 (2986 turns).

Harpaggios the Skirmisher (Demonspawn Gladiator)    Turns: 2986, Time: 00:20:18

Health: 0/48       AC:  5    Str: 14    XL:     6   Next: 23%
Magic:  0/15       EV: 12    Int: 10    God:
Gold:   136        SH:  3    Dex: 16    Spells: 5/5 levels left

rFire    . . .     SeeInvis .   a - +0 trident
rCold    . . .     Gourm    .   (no shield)
rNeg     . . .     Faith    .   b - +0 leather armour
rPois    .         Spirit   +   c - +1 helmet
rElec    .         Reflect  +   (no cloak)
rCorr    .         Harm     .   (no gloves)
MR       .....     Clarity  +   (no boots)
Stlth    +.........             k - +3 amulet of reflection
HPRegen  0.16/turn              g - ring of magical power
MPRegen  0.14/turn              (no ring)

@: lethally poisoned (0 -> -4), about to teleport, heavily drained
A: claws 1, clarity, deterioration 1, high mp 1, magic shield, rot immunity
a: no special abilities


You were on level 4 of the Dungeon.
You were not hungry.

You visited 1 branch of the dungeon, and saw 4 of its levels.

You collected 136 gold pieces.

Inventory:

Hand Weapons
 a - a +0 trident (weapon)
Missiles
 d - a throwing net (quivered)
Armour
 b - a +0 leather armour (worn)
 c - a +1 helmet (worn)
Jewellery
 g - a ring of magical power (left claw)
 k - a +3 amulet of reflection (around neck)
Scrolls
 e - 2 scrolls of teleportation
 h - a scroll of immolation
 j - 2 scrolls of enchant armour
 m - a scroll of amnesia
Comestibles
 f - 9 rations
 l - 2 chunks of flesh


   Skills:
 * Level 4.1(2.2) Fighting
 + Level 3.8(1.9) Polearms
 + Level 3.1(1.2) Throwing
 + Level 3.8(1.9) Dodging


You had 5 spell levels left.
You didn't know any spells.

Dungeon Overview and Level Annotations

Branches:
Dungeon (4/15)
 Temple: D:4-7

Altars:
Trog


Innate Abilities, Weirdness & Mutations

You have sharp fingernails.
When hurt, damage is shared between your health and your magic reserves.
You are immune to rotting.
You possess an exceptional clarity of mind.
Your body sometimes deteriorates upon taking damage.
You have an increased reservoir of magic. (+10% MP)


Message History

The worker ant barely misses you.
As you read the scroll of teleportation, it crumbles to dust.
You feel strangely unstable.
You feel sick. The worker ant misses you. The orc barely misses you.
You closely miss the orc.
You feel sick. The worker ant bites you.
* * * LOW HITPOINT WARNING * * *
The orc hits you with a flail of draining.
* * * LOW HITPOINT WARNING * * *
You feel drained. The worker ant barely misses you.
You hit the orc but do no damage.
You feel sick.
The orc hits you with a flail of draining!
* * * LOW HITPOINT WARNING * * *
You feel drained.
* * * LOW HITPOINT WARNING * * *
You block the worker ant's attack.
You hit the orc.
The orc is heavily wounded.
The worker ant bites you but does no damage.
The orc hits you with a flail of draining.
You die...

##. ####(..
.(....# .......
.......
#####(......
#.####ao...#
#.....@)#######
##..##.........
....a...###.####
.....#### .# .##
#


You could see a worker ant and an orc.

Vanquished Creatures
  An ogre (D:4)
  A hound (D:2)
  An orc priest (D:4)
  An orc wizard (D:3)
  A worker ant (D:3)
  2 adders
  2 gnolls (D:3)
  4 dart slugs
  4 worms
  4 leopard geckos
  2 giant cockroaches (D:1)
  7 goblins
  4 hobgoblins
  8 jackals
  A quokka (D:3)
  2 ball pythons
  8 bats
  2 frilled lizards
  9 kobolds
  11 rats
75 creatures vanquished.

Notes
Turn   | Place    | Note
-------+----------+-------------------------------------------
     0 | D:1      | Harpaggios the Demonspawn Gladiator began the quest for the Orb.
     0 | D:1      | Reached XP level 1. HP: 16/16 MP: 1/1
    98 | D:1      | Gained mutation: When hurt, damage is shared between your health and your magic reserves. [demonic ancestry]
    98 | D:1      | Reached XP level 2. HP: 13/22 MP: 2/2
   697 | D:1      | Gained mutation: You are immune to rotting. [demonic ancestry]
   697 | D:1      | Reached XP level 3. HP: 28/28 MP: 3/3
  1380 | D:2      | Gained mutation: You have sharp fingernails. [demonic ancestry]
  1380 | D:2      | Reached XP level 4. HP: 33/34 MP: 2/4
  1648 | D:2      | Noticed a moth of wrath
  1862 | D:2      | Found a bloodstained altar of Trog.
  2015 | D:3      | Reached skill level 3 in Fighting
  2288 | D:3      | Reached XP level 5. HP: 38/41 MP: 5/5
  2870 | D:4      | Noticed an ogre
  2883 | D:4      | Killed an ogre
  2899 | D:3      | Reached skill level 4 in Fighting
  2899 | D:3      | Reached XP level 6. HP: 39/48 MP: 6/6
  2982 | D:4      | Gained mutation: Your body sometimes deteriorates upon taking damage. [potion of mutation]
  2982 | D:4      | Gained mutation: You possess an exceptional clarity of mind. [potion of mutation]
  2982 | D:4      | Gained mutation: You have an increased reservoir of magic. (+10% MP) [potion of mutation]
  2986 | D:4      | Slain by an orc

Skill      XL: |  1  2  3  4  5 |
---------------+----------------+-----
Throwing       | 2 3 |  3.1
Polearms       | 3 |  3.8
Dodging        | 3 |  3.8
Fighting       | 3 4 |  4.1

Action                   |  1- 3 |  4- 6 || total
-------------------------+-------+-------++-------
Melee: Trident           |   123 |   189 ||   312
Throw: Throwing net      |       |     4 ||     4
  Use: Potion            |     4 |     1 ||     5
       Scroll            |     3 |     8 ||    11
 Stab: Sleeping          |     3 |     2 ||     5
       Held in net/web   |       |     1 ||     1
  Eat: Chunk             |     2 |     5 ||     7
Armor: Leather armour    |    28 |    42 ||    70
Dodge: Dodged            |    75 |   120 ||   195
Block: Other             |       |    23 ||    23
       Reflection        |       |     1 ||     1
